 Dungeon Crawl Stone Soup version 0.21.1-1-g345015f (webtiles) character file.

20923 kae the Basher (level 13, -6/103 HPs)
             Began as a Formicid Fighter on June 9, 2018.
             Was a Priest of Makhleb.
             Mangled by an eight-headed hydra (11 damage)
             ... on level 5 of the Lair of Beasts.
             The game lasted 00:18:19 (16449 turns).

kae the Basher (Formicid Fighter)                  Turns: 16449, Time: 00:18:20

Health: -6/103     AC: 15    Str: 24    XL:     13   Next: 16%
Magic:  19/19      EV: 10    Int: 14    God:    Makhleb [***...]
Gold:   895        SH: 16    Dex: 10    Spells: 12/12 levels left

rFire    + . .     SeeInvis +   B - +1 mace "Montaz" {flame, +Fly rElec MR+} (curse)
rCold    x . .     Gourm    .   p - +4 shield
rNeg     . . .     Faith    .   D - +1 ring mail of Terror {rElec rF+ rC- Int+4} (curse)
rPois    .         Spirit   .   (helmet unavailable)
rElec    +         Reflect  .   C - +1 cloak
rCorr    .         Harm     .   (no gloves)
MR       ++...                  c - +0 pair of boots
Stlth    ..........             (no amulet)
HPRegen  0.27/turn              i - +3 ring of slaying
MPRegen  0.16/turn              j - +3 ring of protection

@: no status effects
A: permanent stasis, dig shafts and tunnels, four strong arms, antennae 3
a: Dig, Shaft Self, Minor Destruction, Lesser Servant of Makhleb, Renounce
Religion, Evoke Flight


You were on level 5 of the Lair of Beasts.
You worshipped Makhleb.
Makhleb was most pleased with you.
You were not hungry.

You visited 3 branches of the dungeon, and saw 15 of its levels.

You collected 895 gold pieces.

Inventory:

Hand Weapons
 a - a +1 flail
 o - a +0 whip
 r - a +1 whip of electrocution
 B - the cursed +1 mace "Montaz" (weapon) {flame, +Fly rElec MR+}
   (You found it on level 8 of the Dungeon)

   It has been specially enchanted to burn those struck by it, causing extra
   injury to most foes and up to half again as much damage against particularly
   susceptible opponents.
   It insulates you from electricity.
   It affects your resistance to hostile enchantments.
   It lets you fly.
   It has a curse placed upon it.
Missiles
 d - a throwing net (quivered)
Armour
 c - a +0 pair of boots (worn)
 p - a +4 shield (worn)
 C - a +1 cloak (worn)
 D - the cursed +1 ring mail of Terror (worn) {rElec rF+ rC- Int+4}
   (You found it on level 8 of the Dungeon)

   It affects your intelligence (+4).
   It protects you from fire.
   It makes you vulnerable to cold.
   It insulates you from electricity.
   It has a curse placed upon it.
Jewellery
 i - a +3 ring of slaying (left hand)
 j - a +3 ring of protection (right hand)
 A - an uncursed ring of magical power
 I - a +4 ring of dexterity
Wands
 l - a wand of iceblast (37)
 q - a wand of polymorph (23)
 t - a wand of digging (5)
 F - a wand of acid (19)
 J - a wand of paralysis (9)
Scrolls
 k - 2 scrolls of magic mapping
 u - 5 scrolls of identify
 x - 5 scrolls of remove curse
 E - a scroll of enchant armour
 G - 2 scrolls of amnesia
 K - a scroll of fear
Potions
 b - 3 potions of flight
 g - 3 potions of ambrosia
 h - 3 potions of curing
 m - a potion of magic
 n - 3 potions of mutation
 s - a potion of haste
 v - 3 potions of brilliance
 w - a potion of heal wounds
 L - a potion of agility
Books
 e - a book of Minor Magic

   Spells                             Type                      Level
   a - Magic Dart                     Conjuration                  1
   b - Blink                          Translocation                2
   c - Call Imp                       Summoning                    2
   d - Slow                           Hexes                        2
   e - Conjure Flame                  Conjuration/Fire             3
   f - Mephitic Cloud                 Conjuration/Poison/Air       3
 y - a book of Maledictions

   Spells                             Type                      Level
   a - Corona                         Hexes                        1
   b - Ensorcelled Hibernation        Hexes/Ice                    2
   c - Confuse                        Hexes                        3
   d - Tukima's Dance                 Hexes                        3
   e - Dazzling Spray                 Conjuration/Hexes            3
 z - a book of Conjurations

   Spells                             Type                      Level
   a - Magic Dart                     Conjuration                  1
   b - Searing Ray                    Conjuration                  2
   c - Dazzling Spray                 Conjuration/Hexes            3
   d - Fulminant Prism                Conjuration/Hexes            4
   e - Force Lance                    Conjuration/Translocation    4
   f - Iskenderun's Mystic Blast      Conjuration                  4
 H - a book of Frost

   Spells                             Type                      Level
   a - Freeze                         Ice                          1
   b - Throw Frost                    Conjuration/Ice              2
   c - Ozocubu's Armour               Charms/Ice                   3
   d - Throw Icicle                   Conjuration/Ice              4
   e - Summon Ice Beast               Ice/Summoning                4
Comestibles
 f - 18 rations


   Skills:
 + Level 10.2 Fighting
 * Level 12.3 Maces & Flails
 + Level 10.1 Armour
 + Level 10.9 Shields
 + Level 9.3 Invocations


You had 12 spell levels left.
You didn't know any spells.

Dungeon Overview and Level Annotations

Branches:
Dungeon (9/15)             Temple (1/1) D:6            Lair (5/6) D:9
  Swamp (0/4) Lair:2       Spider (0/4) Lair:2
  Slime: Lair:5-6       Orc: D:9-12

Altars:
Ashenzari
Cheibriados
Dithmenos
Elyvilon
Fedhas
Gozag
Hepliaklqana
Kikubaaqudgha
Makhleb
Nemelex Xobeh
Okawaru
Ru
Sif Muna
Trog
Uskayaw
Vehumet
Wu Jian
Xom
Yredelemnul
Zin
The Shining One

Annotations:
D:9 Erolcha


Innate Abilities, Weirdness & Mutations

You cannot be hasted, slowed, berserked, paralysed or teleported.
You can dig through walls and to a lower floor.
Your four strong arms can wield two-handed weapons with a shield.
You have a pair of large antennae on your head. (SInv)


Message History

You block the eight-headed hydra's attack.
The eight-headed hydra bites you.
* * * LOW HITPOINT WARNING * * *
You block the eight-headed hydra's attack.
The eight-headed hydra bites you.
* * * LOW HITPOINT WARNING * * *
The eight-headed hydra bites you!
* * * LOW HITPOINT WARNING * * *
The eight-headed hydra bites you.
* * * LOW HITPOINT WARNING * * *
The eight-headed hydra bites you but does no damage.
You hit the eight-headed hydra but do no damage.
The eight-headed hydra is severely wounded.
You block the eight-headed hydra's attack. x2
The eight-headed hydra bites you but does no damage. x2
You block the eight-headed hydra's attack.
The eight-headed hydra bites you.
* * * LOW HITPOINT WARNING * * *
The eight-headed hydra bites you!
You die...

....#...####.#...P####P..........
..###..## ####..## #.......>....
.## ##.# # #P.# #............ ...
#.. #.##.P## ###........#. ..
.... .......# ##.....>...# #.
.#...####.........## >#
#.#....##.#.P...##.##
#.........#####P... #.@.#.#....#
#.... ##D######.P# #...#. ..
#YYY.# P..# #.#.## #.. #$..##
..#.###..P ... ##..# ..#.##...
P.. #... . ...... .. {#..## ....
.. ...# ..##


You could see an eight-headed hydra and 3 yaks.

Vanquished Creatures
  2 hydras (Lair:2)
  Erica (Lair:2)
  The ghost of CptBowmore the Grappler, a novice TrBe of Trog (D:8)
  Pikel (D:9)
  3 black mambas
  11 elephants
  2 spiny frogs
  A komodo dragon (Lair:3)
  A troll (D:9)
  6 hippogriffs
  A wyvern (D:9)
  A hungry ghost (D:7)
  10 yaks
  A basilisk (Lair:5)
  6 vampire mosquitoes (Lair:2)
  3 porcupines
  8 water moccasins
  6 orc warriors
  4 slaves (D:9)
  An eye of draining (D:9)
  2 ice beasts
  2 ogres
  3 phantoms
  6 centaurs
  7 crocodiles
  9 bullfrogs
  A wyvern skeleton (D:7)
  5 scorpions
  13 killer bees
  14 wights
  2 electric eels
  3 crimson imps
  2 jellies
  3 orc priests
  7 hounds
  2 bullfrog skeletons
  An iguana (D:9)
  2 orc wizards (D:6)
  6 worker ants
  2 hound skeletons
  2 hound zombies
  9 adders
  7 gnolls
  2 shadow imps
  2 worms
  2 dart slugs
  4 leopard geckos
  26 orcs
  6 giant cockroaches
  9 goblins
  7 hobgoblins
  5 quokkas
  10 bats
  6 frilled lizards
  4 kobolds
  11 rats
274 creatures vanquished.

Vanquished Creatures (collateral kills)
  The ghost of Jaiteiro the Peltast, a journeyman GrFi of the Shining One (Lair:4)
  A hydra (Lair:3)
  2 elephants
  A rime drake (Lair:4)
  2 hippogriffs
  4 yaks (Lair:2)
  A basilisk (Lair:2)
  A bullfrog (Lair:2)
  A fungus (Lair:4)
14 creatures vanquished.

Vanquished Creatures (others)
  3 fungi
  5 plants
8 creatures vanquished.

Grand Total: 296 creatures vanquished

Notes
Turn   | Place    | Note
-------+----------+-------------------------------------------
     0 | D:1      | kae the Formicid Fighter began the quest for the Orb.
     0 | D:1      | Reached XP level 1. HP: 18/18 MP: 1/1
   132 | D:1      | Reached XP level 2. HP: 23/24 MP: 2/2
   460 | D:1      | Reached XP level 3. HP: 29/29 MP: 3/3
   953 | D:2      | Found a shimmering altar of Xom.
   954 | D:2      | Found a hazy altar of Hepliaklqana.
   954 | D:2      | Noticed a soldier ant
   955 | D:2      | Noticed a spectral ugly thing
   955 | D:2      | Noticed a soldier ant
  1359 | D:2      | Reached XP level 4. HP: 37/37 MP: 4/4
  1696 | D:2      | Reached skill level 3 in Maces & Flails
  2138 | D:3      | Reached XP level 5. HP: 9/42 MP: 5/5
  2164 | D:3      | HP: 2/42 [poisoned by an adder]
  3258 | D:4      | Reached XP level 6. HP: 34/48 MP: 6/6
  3477 | D:4      | Reached skill level 4 in Maces & Flails
  3903 | D:5      | Entered Level 5 of the Dungeon
  4017 | D:5      | Reached skill level 5 in Shields
  4089 | D:5      | Reached XP level 7. HP: 54/55 MP: 7/7
  4344 | D:5      | Reached skill level 5 in Maces & Flails
  4509 | D:6      | Reached skill level 5 in Fighting
  4509 | D:6      | Reached skill level 5 in Armour
  4579 | D:6      | Reached XP level 8. HP: 44/62 MP: 8/8
  4982 | D:6      | Found a staircase to the Ecumenical Temple.
  5008 | D:6      | Reached skill level 6 in Maces & Flails
  5028 | Temple   | Entered the Ecumenical Temple
  5258 | Temple   | Became a worshipper of Makhleb the Destroyer
  5575 | D:6      | Reached skill level 1 in Invocations
  6034 | D:6      | Reached XP level 9. HP: 47/69 MP: 10/10
  6452 | D:7      | Reached * piety under Makhleb
  6650 | D:7      | Reached skill level 7 in Maces & Flails
  7010 | D:7      | Noticed a hippogriff
  7025 | D:7      | Killed a hippogriff
  7412 | D:7      | Found a shadowy altar of Dithmenos.
  7672 | D:8      | Noticed a hippogriff
  7689 | D:8      | Killed a hippogriff
  7689 | D:8      | Reached skill level 8 in Maces & Flails
  7689 | D:8      | Reached XP level 10. HP: 63/79 MP: 13/13
  7971 | D:8      | Got a translucent mace
  8004 | D:8      | Got a spiked ring mail
  8026 | D:8      | Identified the cursed +1 ring mail of Terror {rElec rF+ rC- Int+4} (You found it on level 8 of the Dungeon)
  8027 | D:8      | Identified the cursed +1 mace "Montaz" {flame, +Fly rElec MR+} (You found it on level 8 of the Dungeon)
  8056 | D:8      | Noticed CptBowmore's ghost (novice TrBe)
  8095 | D:8      | Killed CptBowmore's ghost
  8095 | D:8      | Reached skill level 5 in Invocations
  8547 | D:8      | Reached skill level 9 in Maces & Flails
  8760 | D:9      | Found a staircase to the Lair.
  9054 | D:9      | Reached ** piety under Makhleb
  9146 | D:9      | Found a shadowy altar of Dithmenos.
  9453 | D:9      | Noticed Erolcha
  9543 | D:9      | Noticed Pikel
  9587 | D:9      | Killed Pikel
  9587 | D:9      | Reached XP level 11. HP: 70/86 MP: 15/15
 10139 | D:9      | Found a glowing golden altar of the Shining One.
 10223 | D:9      | Found a snail-covered altar of Cheibriados.
 10227 | D:9      | Found a blossoming altar of Fedhas.
 10422 | D:9      | Reached skill level 10 in Maces & Flails
 10602 | Lair:1   | Entered Level 1 of the Lair of Beasts
 11197 | Lair:1   | Reached *** piety under Makhleb
 11714 | Lair:2   | Noticed Erica
 11733 | Lair:2   | You fall through a shaft for 2 floors!
 12229 | Lair:4   | Noticed Jaiteiro's ghost (journeyman GrFi)
 12313 | Lair:4   | HP: 2/87 [Jaiteiro's ghost (10)]
 12322 | Lair:4   | Killed Jaiteiro's ghost
 12765 | Lair:4   | Noticed an elephant
 12765 | Lair:4   | Noticed an elephant
 12765 | Lair:4   | Noticed an elephant
 12766 | Lair:4   | Noticed an elephant
 12777 | Lair:4   | Killed an elephant
 12778 | Lair:4   | Killed an elephant
 12782 | Lair:4   | Killed an elephant
 12782 | Lair:4   | Reached XP level 12. HP: 56/95 MP: 17/17
 12784 | Lair:4   | Reached skill level 11 in Maces & Flails
 13790 | Lair:3   | Noticed a seven-headed hydra
 13795 | Lair:3   | Killed a seven-headed hydra
 14363 | Lair:3   | Reached skill level 10 in Shields
 14519 | Lair:2   | Noticed a six-headed hydra
 14527 | Lair:2   | Killed a six-headed hydra
 14570 | Lair:2   | Noticed a four-headed hydra
 14579 | Lair:2   | Killed a four-headed hydra
 14703 | Lair:2   | Found a hole to the Spider Nest.
 14842 | Lair:2   | HP: 2/97 [elephant (10)]
 14846 | Lair:2   | You fall through a shaft for 2 floors!
 15360 | Lair:2   | Killed Erica
 15495 | Lair:2   | Found a staircase to the Swamp.
 15563 | Lair:2   | Reached skill level 10 in Fighting
 15563 | Lair:2   | Reached skill level 12 in Maces & Flails
 16077 | Lair:5   | Reached skill level 10 in Armour
 16077 | Lair:5   | Reached XP level 13. HP: 101/103 MP: 19/19
 16438 | Lair:5   | Noticed an eight-headed hydra
 16449 | Lair:5   | HP: 5/103 [eight-headed hydra (4)]
 16449 | Lair:5   | Mangled by an eight-headed hydra

Skill      XL: |  1  2  3  4  5  6  7  8  9 10 11 12 |
---------------+-------------------------------------+-----
Shields        | 4 5 6 7 8 9 10 | 10.9
Maces & Flails | 3 4 5 6 8 9 10 12 | 12.3
Fighting       | 4 5 6 7 8 9 10 | 10.2
Armour         | 4 5 6 7 9 10 | 10.1
Invocations    | 2 4 6 7 9 |  9.3

Action                   |  1- 3 |  4- 6 |  7- 9 | 10-12 | 13-15 || total
-------------------------+-------+-------+-------+-------+-------++-------
Melee: Flail             |   113 |       |       |       |       ||   113
       Whip              |       |   241 |   539 |    53 |       ||   833
       Mace              |       |       |       |   732 |    50 ||   782
Invok: Minor Destruction |       |       |       |     3 |       ||     3
       Lesser Servant of |       |       |       |     8 |       ||     8
 Abil: Shaft Self        |       |       |       |     2 |       ||     2
Evoke: Wand              |       |       |     1 |       |     6 ||     7
  Use: Scroll            |       |    12 |     4 |     8 |       ||    24
       Potion            |       |       |     2 |     8 |       ||    10
 Stab: Distracted        |       |       |       |     2 |       ||     2
  Eat: Chunk             |       |    10 |     5 |    13 |     2 ||    30
       Ration            |       |       |     3 |     4 |       ||     7
Armor: Scale mail        |    50 |    83 |   137 |    11 |       ||   281
       Ring mail         |       |       |       |   207 |    25 ||   232
       Skin              |       |       |       |    18 |       ||    18
Dodge: Dodged            |    33 |    67 |    90 |   185 |    24 ||   399
Block: Shield            |    68 |   147 |   304 |   600 |    54 ||  1173
